 Dungeon Crawl Stone Soup version 0.29.1-13-g9f3cf754e1 (webtiles) character file.

Game seed: 1687864838540294146

2 Kosjir the Insei (level 1, 0/25 HPs)
             Began as a Djinni Transmuter on Jan 27, 2023.
             Slain by a kobold
             ... wielding a +0 dagger
              (3 damage)
             ... on level 1 of the Dungeon.
             The game lasted 00:00:34 (31 turns).

Kosjir the Insei (Djinni Transmuter)                  Turns: 31, Time: 00:00:35

Health: 0/25       AC: 20    Str:  9    XL:     1   Next: 44%
Gold:   0          EV:  2    Int: 14    God:
                   SH:  0    Dex: 13

rFire   . . .      SeeInvis .   c - +1 mace (drain)
rCold   . . .      Faith    .   (no shield)
rNeg    . . .      Spirit   .   (body armour currently unavailable)
rPois   ∞          Reflect  .   (helmet currently unavailable)
rElec   .          Harm     .   (cloak currently unavailable)
rCorr   .          Rampage  .   (gloves currently unavailable)
Will    .....      NoTele   +   (boots unavailable)
Stlth   +.........              (no amulet)
HPRegen 0.08/turn               (no ring)
MPRegen 0.00/turn               (no ring)

@: tree-form
A: stationary, stasis, torment immunity, boosted hp, sickness immunity, (fire
resistance 2), (cold vulnerability 1), float, innate caster, HP casting, extra
vitality 1
a: no special abilities


You were on level 1 of the Dungeon.
You were a tree.
You visited 1 branch of the dungeon, and saw 1 of its levels.

Inventory:

Hand Weapons
 c - a +1 mace of draining (weapon)
Armour
 a - a +0 robe (melded)


   Skills:
 * Level 1.0 Fighting
 * Level 2.2 Dodging
 * Level 3.1 Unarmed Combat
 * Level 1.5 Spellcasting


You couldn't memorise any spells.
You knew the following spells:

 Your Spells              Type           Power      Damage    Failure   Level
a - Beastly Appendage     Tmut           10%        N/A       13%         1
b - Wereblood             Tmut           5%         N/A       21%         2
c - Spider Form           Tmut/Pois      5%         N/A       36%         3
d - Ice Form              Ice/Tmut       5%         N/A       78%         4
Your spell library was empty.

Dungeon Overview and Level Annotations

Branches:
Dungeon (1/15)

Altars:


Innate Abilities, Weirdness & Mutations

You are a tree.
Your roots penetrate the ground, keeping you stationary.
You cannot be teleported.
You are immune to unholy pain and torment.
Your maximum health is greatly increased.
Your equipment is partially melded.
You are immune to sickness and miasma.
You are immune to poison.
((Your flesh is very heat resistant. (rF++)))
((You are vulnerable to cold. (rC-)))
You float through the air rather than walking.
You learn spells naturally, not from books.
Your magical power is your life essence.
You have superior vitality. (+4 MHP)


Message History

The hobgoblin is moderately wounded.
The hobgoblin hits you but does no damage.
You hit the hobgoblin.
The hobgoblin is almost dead.
The kobold closely misses you. The endoplasm freezes you.
You are frozen.
You feel a terrible chill! The hobgoblin misses you. The endoplasm freezes you.
You are frozen.
You feel a terrible chill! The kobold hits you but does no damage.
The hobgoblin hits you.
* * * LOW HITPOINT WARNING * * *
You closely miss the hobgoblin.
The hobgoblin is almost dead.
The kobold barely misses you. The endoplasm completely misses you.
The hobgoblin hits you.
* * * LOW HITPOINT WARNING * * *
Your magical contamination has completely faded away.
Unknown command.
Really quaff the potion of lignification?
Your horns disappear.
You turn into a tree.
Your +0 robe melds into your body.
Your roots penetrate the ground.
The kobold hits you but does no damage.
The endoplasm hits you but does no damage.
The hobgoblin hits you.
* * * LOW HITPOINT WARNING * * *
You hit the hobgoblin.
You kill the hobgoblin!
The kobold hits you but does no damage.
The endoplasm hits you but does no damage.
The endoplasm freezes you.
You are frozen.
* * * LOW HITPOINT WARNING * * *
The kobold completely misses you.
You hit the endoplasm.
You kill the endoplasm!
The kobold hits you but does no damage.
You barely miss the kobold. The kobold hits you but does no damage.
You barely miss the kobold. The kobold hits you but does no damage.
The kobold hits you with a +0 dagger.
You die...

#### #>..
##..#####+##
#.......?..#
#....?..[..#
#.........!# ##
##....K.....# #.
...[...♣....#
#.######......###..
#.. #..##..........
#..##..##...##.#...
#..##..##.# .....
###..##..##.####...
#..##..##......#..#
#..##<.##....#.# .#
###.[##..##..# #


You could see a kobold.

Vanquished Creatures
  An endoplasm (D:1)
  A hobgoblin (D:1)
2 creatures vanquished.

Notes
Turn   | Place    | Note
-------+----------+-------------------------------------------
     0 | D:1      | Kosjir the Djinni Transmuter began the quest for the Orb.
     0 | D:1      | Kosjir set off with the following spells memorised: Beastly
                  | Appendage, Wereblood, Spider Form, Ice Form.
     0 | D:1      | Reached XP level 1. HP: 17/17 MP: 0/0
    31 | D:1      | Slain by a kobold

Illustrated notes

Levels and vault maps discovered:
D:1:      lightli_iron_boxes, layout_basic, chequers_decorated_corner

Action                   || total
-------------------------++-------
Melee: Mace              ||     7
 Cast: Beastly Appendage ||     1
  Use: Potion            ||     1
Armor: Skin              ||     7
       Robe              ||     3
Dodge: Dodged            ||     8
